 Dungeon Crawl Stone Soup version 0.30-a0-800-g7c544603b3 (webtiles) character file.

Game seed: 13932044200761213609

18730 purpskrrrp1 the Crack Shot (level 12, -8/60 HPs)
             Began as a Deep Elf Hunter on Feb 21, 2023.
             Was an Elder of Hepliaklqana.
             Killed from afar by an efreet (39 damage)
             ... with a fireball
             ... on level 13 of the Dungeon.
             The game lasted 00:18:12 (11062 turns).

purpskrrrp1 the Crack Shot (Deep Elf Hunter)       Turns: 11062, Time: 00:18:13

Health: -8/60      AC:  9    Str: 11    XL:     12   Next: 30%
Magic:  23/23      EV: 14    Int: 27    God:    Hepliaklqana [****..]
Gold:   1749       SH:  0    Dex: 23    Spells: 11/11 levels left

rFire   x . .      SeeInvis .    d - +9 shortbow "Wiet Kaku" {speed, rElec Int+4 Dex-3}
rCold   + . .      Faith    .    (shield currently unavailable)
rNeg    + . .      Spirit   .    m - +2 leather armour of the Devil's Advocate {rF- rN+ Dex+3}
rPois   +          Reflect  .    e - +1 helmet
rElec   +          Harm     .    (no cloak)
rCorr   +          Rampage  .    D - +0 pair of gloves
Will    +....                    N - +0 pair of boots
Stlth   ++++                     z - amulet of Ifedomnu {RegenMP Regen+ Str+3 Int+3 Dex+2}
HPRegen 1.10/turn                l - ring of the Genius {rPois rC+ MP+9 Dex-4 Slay+3}
MPRegen 0.58/turn                A - ring of Sorymiow {rCorr Int+4 Dex+3}

@: no status effects
A: reduced essence
a: Renounce Religion, Recall Ancestor, Ancestor Identity, Transference, Idealise


You were on level 13 of the Dungeon.
You worshipped Hepliaklqana.
Hepliaklqana was greatly pleased with you.
You visited 1 branch of the dungeon, and saw 13 of its levels.
You also visited: Sewer.

You collected 2894 gold pieces.
You spent 1145 gold pieces at shops.

Inventory:

Hand Weapons
 a - a +1 shortbow of freezing
 d - the +9 shortbow "Wiet Kaku" (weapon) {speed, rElec Int+4 Dex-3}
   (You acquired it on level 1 of the Dungeon)

   Int:       It affects your intelligence (+4).
   Dex:       It affects your dexterity (-3).
   rElec:     It insulates you from electricity.
Armour
 c - a +0 leather armour
 e - a +1 helmet (worn)
 k - a +1 leather armour of poison resistance
 m - the +2 leather armour of the Devil's Advocate (worn) {rF- rN+ Dex+3}
   (You found it on level 2 of the Dungeon)

   Dex:       It affects your dexterity (+3).
   rF:        It makes you vulnerable to fire.
   rN:        It protects you from negative energy.
 D - a +0 pair of gloves (worn)
 N - a +0 pair of boots (worn)
Jewellery
 l - the ring of the Genius (left hand) {rPois rC+ MP+9 Dex-4 Slay+3}
   (You acquired it on level 1 of the Dungeon)

   [ring of magical power]

   Dex:       It affects your dexterity (-4).
   Slay:      It affects your accuracy & damage with ranged weapons and melee
   (+3).
   rC:        It protects you from cold.
   rPois:     It protects you from poison.
   MP:        It affects your magic capacity (+9).
 o - an amulet of guardian spirit
 t - a ring of poison resistance
 w - an amulet of magic regeneration
 z - the amulet of Ifedomnu (around neck) {RegenMP Regen+ Str+3 Int+3 Dex+2}
   (You bought it in a shop on level 4 of the Dungeon)

   [amulet of magic regeneration]

   It increases your rate of magic regeneration.
   Str:       It affects your strength (+3).
   Int:       It affects your intelligence (+3).
   Dex:       It affects your dexterity (+2).
   Regen:     It increases your rate of health regeneration.
 A - the ring of Sorymiow (right hand) {rCorr Int+4 Dex+3}
   (You bought it in a shop on level 4 of the Dungeon)

   [ring of resist corrosion]

   Int:       It affects your intelligence (+4).
   Dex:       It affects your dexterity (+3).
   rCorr:     It protects you from acid and corrosion.
 C - a +6 ring of strength
 L - a ring of positive energy
Wands
 x - a wand of iceblast (15)
 K - a wand of paralysis (5)
 M - a wand of flame (6)
Scrolls
 b - 2 scrolls of immolation
 g - 5 scrolls of teleportation
 r - 2 scrolls of blinking
 s - 4 scrolls of noise
 u - 3 scrolls of fog
 y - 4 scrolls of magic mapping
 B - 2 scrolls of poison
 G - 4 scrolls of identify
 H - 2 scrolls of enchant weapon
 J - 2 scrolls of amnesia
Potions
 f - 7 potions of curing
 h - 2 potions of heal wounds
 i - a potion of invisibility
 j - 3 potions of attraction
 n - a potion of lignification
 p - 3 potions of might
 q - 2 potions of brilliance
 v - 2 potions of berserk rage
 E - 2 potions of ambrosia
 F - a potion of degeneration
 I - 4 potions of flight


   Skills:
 - Level 4.4 Fighting
 * Level 22.9 Ranged Weapons
 - Level 3.0 Armour
 + Level 3.8 Dodging
 * Level 8.6 Stealth


You had 11 spell levels left.
You didn't know any spells.
Your spell library contained the following spells:

 Spells                   Type           Power      Damage    Failure   Level
 Shock                    Conj/Air       0%         1d3       16%         1
 Blink                    Tloc           0%         N/A       22%         2
 Lesser Beckoning         Tloc           0%         N/A       22%         2
 Momentum Strike          Conj/Tloc      0%         3d8       22%         2
 Hailstorm                Conj/Ice       0%         3d3       41%         3
 Inner Flame              Hex/Fire       0%         N/A       41%         3
 Ozocubu's Armour         Ice            0%         N/A       41%         3
 Swiftness                Air            0%         N/A       41%         3
 Airstrike                Air            0%         2d(0-16)  83%         4
 Animate Dead             Necr           0%         N/A       83%         4
 Flame Wave               Conj/Fire      0%         2d4       83%         4
 Ice Form                 Ice/Tmut       0%         N/A       83%         4
 Sticky Flame             Conj/Fire      0%         2d3       83%         4
 Alistair's Intoxication  Tmut/Pois      0%         N/A       99%         5
 Borgnjor's Vile Clutch   Necr/Erth      0%         N/A       99%         5
 Metabolic Englaciation   Hex/Ice        0%         N/A       99%         5
 Death Channel            Necr           0%         N/A       100%        6
 Eringya's Noxious Bog    Tmut/Pois      0%         N/A       100%        6
 Simulacrum               Ice/Necr       0%         N/A       100%        6


Dungeon Overview and Level Annotations

Branches:
Dungeon (13/15)            Temple (0/1) D:7            Lair (0/5) D:10
    Orc (0/2) D:11          Sewer (visited)
 Vaults: D:13-14

Altars:
Dithmenos
Elyvilon
Fedhas
Hepliaklqana
Nemelex Xobeh
Okawaru
Trog
Uskayaw
Xom
Zin

Shops:
D:4 =   D:7 (   D:10 *

Annotations:
D:10 1 transporter, 3 runed translucent doors


Message History

You shoot an arrow.
The arrow closely misses the vault guard.
Bozidara hits the vault guard but does no damage.
Bozidara drains the vault guard.
You shoot an arrow. The arrow hits the vault guard!
You kill the vault guard!
The vault guard hits you from afar with a +2 bardiche!!
Bozidara completely misses the vault guard.
You are too injured to fight recklessly!
You are too injured to fight recklessly!
Bozidara hits the vault guard with a +0 dagger of draining!
Bozidara drains the vault guard.
Bozidara points at the vault guard and mumbles some strange words.
The vault guard easily resists.
Okay, then.
Okay, then.
Aiming: Iceblast
Press: ? - help, Shift-Dir - straight line, f - vault guard
Aim: a vault guard, wielding a +2 bardiche and wearing a +0 plate armour (heavily wounded, lightly drained, ally target)
The mass of ice explodes!
The iceblast engulfs the vault guard.
The vault guard is heavily wounded.
You hear a shout! x2
A cyclops comes into view.
The vault guard barely misses you.
Bozidara points at the vault guard and mumbles some strange words.
The vault guard easily resists.
A tengu warrior comes into view. It is wielding a +0 great sword.
The vault guard hits Bozidara from afar with a +2 bardiche!!
Blink to where?
Press: ? - help, Dir - move target, p - vault guard An efreet comes into view.
It is wielding a +1 scimitar of flaming.
As you read the scroll of blinking, it crumbles to dust.
The vault guard hits Bozidara with a +2 bardiche!!
Bozidara hits the vault guard with a +0 dagger of draining!
Bozidara drains the vault guard.
Bozidara barely misses the vault guard.
The efreet gestures at you.
The fireball explodes!
The fireball engulfs you!!! The fire burns you terribly!
Ouch! That really hurt!
You die...

............)..............≈≈≈...
......)...B..........°......≈....
......................○.........
...#....###....≈.....R..........
..###...###...≈≈≈......<........
...#..?.###....≈................
................................
............................≈...
................@..........§≈≈.§
#...........................≈...
##..................≈(.....§.§.§
♣♣♣...............≈§§..........
♣♣♣..............≈.R....§C§.
♣........###......p.......
♣♣♣#.......###........).....
♣≈...#.....###..............
♣≈≈≈.####...............###$..


You could see the friendly Bozidara the hexer, a boulder beetle (wandering), a
vault guard (distracted, drained, ally target) and an efreet.

Vanquished Creatures
  3 vault guards (D:13)
  A hydra (D:13)
  A two-headed ogre (shapeshifter) (D:13)
  A centaur warrior (D:13)
  3 two-headed ogres
  2 skeletal warriors (D:13)
  3 cyclopes
  3 manticores
  4 trolls
  6 slime creatures (D:12)
  2 shadows
  3 fire elementals (D:13)
  A wyvern (D:10)
  13 yaks
  A wraith (D:10)
  Eustachio (D:6)
  A basilisk (D:10)
  2 steam dragons
  2 vampire mosquitoes (D:12)
  A water moccasin (D:7)
  2 hell hounds (D:13)
  Duvessa (D:5)
  An acid dragon (D:12)
  An ice beast (D:5)
  An orc warrior (D:10)
  2 sky beasts
  2 black bears
  10 centaurs
  3 kobold brigands
  A gnoll sergeant (D:6)
  3 bullfrogs
  2 scorpions
  3 wights (D:10)
  Dowan (D:5)
  5 killer bees (D:6)
  7 howler monkeys
  4 hounds
  6 orc priests
  3 gnoll boudas
  3 iguanas
  9 orc wizards
  19 gnolls
  8 adders
  A shadow imp (D:7)
  2 ufetubi
  3 worms
  2 dart slugs
  28 orcs
  12 ball pythons
  5 bats
  An endoplasm (D:4)
  11 giant cockroaches
  12 goblins
  5 hobgoblins
  2 jackals (D:4)
  25 kobolds
  11 quokkas
  10 frilled lizards
  11 rats
292 creatures vanquished.

Vanquished Creatures (collateral kills)
  A skeletal warrior (D:13)
  A wraith (D:11)
  A fire elemental (D:13)
  An orc (D:9)
4 creatures vanquished.

Vanquished Creatures (others)
  A hexer (D:13)
  12 fungi (D:8)
  4 plants
17 creatures vanquished.

Grand Total: 313 creatures vanquished

Notes
Turn   | Place    | Note
-------+----------+-------------------------------------------
     0 | D:1      | purpskrrrp1 the Deep Elf Hunter began the quest for the
                  | Orb.
     0 | D:1      | Reached XP level 1. HP: 12/12 MP: 3/3
   244 | D:1      | Reached XP level 2. HP: 16/16 MP: 4/4
   363 | D:1      | Reached skill level 6 in Ranged Weapons
   549 | D:1      | Found a faded altar of an unknown god.
   795 | D:1      | Identified 3 scrolls of acquirement
   795 | D:1      | Acquired the +9 shortbow "Wiet Kaku" {speed, rElec Int+4
                  | Dex-3}
   847 | D:1      | Acquired the ring of the Genius {rPois rC+ MP+9 Dex-4
                  | Slay+3}
   850 | D:1      | Acquired 1204 gold pieces
   943 | D:2      | Identified the +2 leather armour of the Devil's Advocate
                  | {rF- rN+ Dex+3}
   998 | D:2      | Reached XP level 3. HP: 21/21 MP: 5/5
  1189 | D:2      | You fall into a shaft and drop 2 floors!
  1268 | D:4      | Found a glowing drain.
  1288 | Sewer    | Entered a sewer
  1309 | Sewer    | Reached XP level 4. HP: 26/26 MP: 6/6
  1340 | Sewer    | Reached skill level 7 in Ranged Weapons
  1367 | Sewer    | Reached skill level 1 in Armour
  1447 | Sewer    | Noticed a bullfrog
  1447 | Sewer    | Noticed a bullfrog
  1449 | Sewer    | Killed a bullfrog
  1450 | Sewer    | Reached XP level 5. HP: 30/30 MP: 7/7
  1455 | Sewer    | Reached skill level 8 in Ranged Weapons
  2218 | D:3      | Reached XP level 6. HP: 33/36 MP: 8/8
  2954 | D:4      | Reached skill level 9 in Ranged Weapons
  3021 | D:4      | Found a blossoming altar of Fedhas.
  3191 | D:4      | Found Oza Kul's Jewellery Shop.
  3197 | D:4      | Bought the amulet of Ifedomnu {RegenMP Regen+ Str+3 Int+3
                  | Dex+2} for 645 gold pieces
  3197 | D:4      | Bought the ring of Sorymiow {rCorr Int+4 Dex+3} for 500
                  | gold pieces
  3373 | D:5      | Entered Level 5 of the Dungeon
  3377 | D:5      | Noticed an ice beast
  3387 | D:5      | Killed an ice beast
  3388 | D:5      | Reached XP level 7. HP: 40/40 MP: 9/9
  3787 | D:5      | Noticed Duvessa
  3787 | D:5      | Noticed Dowan
  3790 | D:5      | Killed Dowan
  3792 | D:5      | Reached skill level 10 in Ranged Weapons
  3801 | D:5      | Killed Duvessa
  4536 | D:6      | Noticed Eustachio
  4542 | D:6      | Killed Eustachio
  4559 | D:6      | Reached XP level 8. HP: 46/46 MP: 10/10
  4630 | D:6      | Reached skill level 11 in Ranged Weapons
  4956 | D:6      | Found a white marble altar of Elyvilon.
  5017 | D:6      | Reached skill level 12 in Ranged Weapons
  5533 | D:7      | Found a staircase to the Ecumenical Temple.
  5564 | D:7      | Reached skill level 13 in Ranged Weapons
  5564 | D:7      | Reached XP level 9. HP: 41/52 MP: 11/11
  5786 | D:7      | Found Toen's Antique Weapon Shoppe.
  5869 | D:7      | Found a hazy altar of Hepliaklqana.
  5870 | D:7      | Found a shadowy altar of Dithmenos.
  6078 | D:7      | Became a worshipper of Hepliaklqana the Forgotten
  6190 | D:8      | Acquired 842 gold pieces
  6373 | D:8      | Reached skill level 14 in Ranged Weapons
  6444 | D:8      | Found an iron altar of Okawaru.
  6466 | D:8      | Reached skill level 15 in Ranged Weapons
  6488 | D:8      | Reached skill level 5 in Stealth
  6713 | D:8      | Found a glowing silver altar of Zin.
  6882 | D:8      | Found a shimmering altar of Xom.
  7104 | D:9      | Reached * piety under Hepliaklqana
  7352 | D:9      | Noticed a two-headed ogre
  7360 | D:9      | Killed a two-headed ogre
  7361 | D:9      | Reached skill level 16 in Ranged Weapons
  7361 | D:9      | Reached XP level 10. HP: 52/52 MP: 12/12
  7539 | D:9      | Reached ** piety under Hepliaklqana
  7540 | D:9      | Remembered your ancestor Bozidara as a hexer
  8085 | D:10     | Entered Level 10 of the Dungeon
  8155 | D:10     | Found a staircase to the Lair.
  8164 | D:10     | Reached skill level 17 in Ranged Weapons
  8191 | D:10     | Found a hide-covered altar of Uskayaw.
  8215 | D:10     | Found a sparkling altar of Nemelex Xobeh.
  8215 | D:10     | Found a transporter.
  8215 | D:10     | Noticed an orc knight
  8215 | D:10     | Noticed a fire dragon
  8499 | D:10     | Found Ynalareu's CLEARANCE SALE!.
  8608 | D:10     | Reached skill level 18 in Ranged Weapons
  8653 | D:10     | Found a runed translucent gate.
  8653 | D:10     | Found a runed translucent gate.
  8654 | D:10     | Found a runed translucent gate.
  8655 | D:10     | Noticed a purple ugly thing
  8655 | D:10     | Noticed a purple ugly thing
  8656 | D:10     | Noticed a red ugly thing
  8657 | D:10     | Noticed a purple ugly thing
  8658 | D:10     | Noticed a green ugly thing
  8889 | D:11     | Found a staircase to the Orcish Mines.
  9028 | D:11     | Noticed a manticore
  9032 | D:11     | Killed a manticore
  9224 | D:11     | Reached skill level 19 in Ranged Weapons
  9228 | D:11     | Reached *** piety under Hepliaklqana
  9344 | D:11     | Noticed a moth of wrath
  9346 | D:11     | Found a bloodstained altar of Trog.
  9497 | D:12     | Noticed a two-headed ogre
  9504 | D:12     | Killed a two-headed ogre
  9505 | D:12     | Reached XP level 11. HP: 55/55 MP: 13/13
  9895 | D:12     | Identified the +3 chain mail of the Original Sin {Str+2
                  | Int+4}
  9899 | D:12     | Identified the +1 mace "Paituv" {elec, rElec}
 10058 | D:12     | Reached skill level 20 in Ranged Weapons
 10646 | D:13     | Reached **** piety under Hepliaklqana
 10646 | D:13     | Noticed a centaur warrior
 10655 | D:13     | Killed a centaur warrior
 10656 | D:13     | Reached skill level 21 in Ranged Weapons
 10668 | D:13     | Noticed a two-headed ogre
 10676 | D:13     | Noticed an eight-headed hydra
 10677 | D:13     | Noticed a vault guard
 10679 | D:13     | Killed a two-headed ogre
 10679 | D:13     | Noticed a death drake
 10684 | D:13     | Noticed a vault guard
 10685 | D:13     | a death drake changed into a two-headed ogre
 10685 | D:13     | Noticed a two-headed ogre (shapeshifter)
 10688 | D:13     | Killed an eight-headed hydra
 10704 | D:13     | Killed a two-headed ogre
 10710 | D:13     | Killed a vault guard
 10721 | D:13     | Reached skill level 22 in Ranged Weapons
 10721 | D:13     | Reached XP level 12. HP: 40/60 MP: 14/14
 10721 | D:13     | Killed a vault guard
 10734 | D:13     | Noticed a vault guard
 10886 | D:13     | Noticed a boulder beetle
 10975 | D:13     | Identified the +1 robe of Modesty {rPois}
 11043 | D:13     | Noticed a vault guard
 11057 | D:13     | Killed a vault guard
 11060 | D:13     | Noticed a tengu warrior
 11062 | D:13     | Killed from afar by an efreet

Illustrated notes

Levels and vault maps discovered:
D:1:      tarquinn_simple_flora_water_b, layout_rooms,
          chequers_ecumenical_altar_island, kennysheep_pointless_box,
          minmay_misc_feat_secret_circle, minivault_5, grunt_decor_fettered,
          chequers_serial_rivers_micro_a, chequers_decorated_corner
D:2:      layout_loops_ring, minmay_heptomino_o4
D:3:      layout_basic
D:4:      layout_cave_pools, mainiacjoe_overflow_small_starburst, serial_shops,
          nicolae_shop_hallway_plus, serial_column_ruins,
          column_ruins_hut_ruined, column_ruins_square_medium,
          column_ruins_open_medium, column_ruins_open_tiny, column_ruins_grid_1,
          column_ruins_open_tiny, column_ruins_columns_straight,
          column_ruins_open_small_water, gup_sewer_entry_pipe, minivault_24,
          grunt_ministairs_6
D:5:      layout_basic, grunt_decor_cap, uniq_duvessa
D:6:      layout_basic, mainiacjoe_overflow_tiny_flanked, uniq_eustachio
D:7:      layout_cave_pods, riverfiend_overflow_shadow_ancestor,
          minmay_temple_entry_antechambers, serial_shops,
          nicolae_shop_overgrown_old_shop
D:8:      layout_basic, lemuel_coloured_pillars_altar,
          mainiacjoe_overflow_boulevard, mainiacjoe_overflow_cross_hatched,
          minmay_misc_feat_alley
D:9:      layout_grid_maze
D:10:     layout_roguey, overflow_temple_1_default, grunt_nemelex_the_gamble,
          david_lair_generic, ploomutoo_gammafunk_ghost_potion_laboratory,
          nicolae_shop_clearance
D:11:     layout_basic, orc_0_dummy, kennysheep_nondescript, tgw_trog
D:12:     layout_layer_cave
D:13:     layout_big_octagon, lightli_vaults_fourway_checkpoint,
          introduction_to_nature_2, uniq_azrael

Skill      XL: |  1  2  3  4  5  6  7  8  9 10 11 |
---------------+----------------------------------+-----
Ranged Weapons | 6 7 8 9 10 13 16 19 22 | 22.9
Armour         | 1 2 3 |  3.0
Fighting       | 2 3 4 |  4.4
Stealth        | 3 5 6 8 |  8.6
Dodging        | 3 |  3.8

Action                     |  1- 3 |  4- 6 |  7- 9 | 10-12 || total
---------------------------+-------+-------+-------+-------++-------
  Melee: Shortbow          |       |       |     1 |       ||     1
   Fire: Shortbow          |    95 |   114 |   231 |   402 ||   842
 Invoke: Ancestor Life: He |       |       |       |     1 ||     1
  Evoke: Wand              |       |       |       |     1 ||     1
    Use: Scroll            |     7 |     2 |    14 |     7 ||    30
         Potion            |     1 |       |     1 |       ||     2
 Armour: Leather armour    |     9 |     3 |     8 |     2 ||    22
  Dodge: Dodged            |    20 |     8 |    25 |     9 ||    62

Table legend: (Time is in decaauts)
 A = Elapsed time spent in this place.
 B = Non-inter-level travel time spent in this place.
 C = Inter-level travel time spent in this place.
 D = Time resting spent in this place.
 E = Time spent auto-exploring this place.
 F = Levels seen in this place.
 G = Mean time per level.
                   A        B        C        D        E       F      G
               +--------+--------+--------+--------+--------+-----+--------+
         Total |  10812 |  10217 |    595 |    701 |   8184 |  14 |  772.3 |
       Dungeon |  10293 |   9698 |    595 |    701 |   7756 |  13 |  791.8 |
         Sewer |    518 |    518 |      0 |      0 |    428 |   1 |  518.0 |
               +--------+--------+--------+--------+--------+-----+--------+

Top non-repeatable levels by time:
    D:12: 1195 daAuts
     D:5: 1147 daAuts
     D:9: 1010 daAuts
     D:1: 939 daAuts
     D:8: 935 daAuts
     D:7: 786 daAuts
    D:10: 729 daAuts
     D:6: 715 daAuts
     D:3: 715 daAuts
     D:4: 659 daAuts
     D:2: 619 daAuts
    D:11: 602 daAuts
   Sewer: 518 daAuts
    D:13: 237 daAuts
